 Dungeon Crawl Stone Soup version 0.30-a0-739-gea05faddec (webtiles) character file.

Game seed: 18437709690742310529

1662 Drevant2 the Zephyrmancer (level 9, -10/45 HPs)
             Began as a Tengu Conjurer on Feb 4, 2023.
             Killed by divine providence
             ... invoked by an orc priest
              (13 damage)
             ... on level 5 of the Dungeon on Feb 9, 2023.
             The game lasted 00:17:03 (6657 turns).

Drevant2 the Zephyrmancer (Tengu Conjurer)          Turns: 6657, Time: 00:17:03

Health: -10/45     AC:  2    Str:  8    XL:     9   Next: 0%
Magic:  6/13       EV: 14    Int: 22    God:
Gold:   141        SH:  0    Dex: 13    Spells: 6/12 levels left

rFire   . . .      SeeInvis .    c - +1 dagger (venom)
rCold   . . .      Faith    .    (no shield)
rNeg    . . .      Spirit   .    a - +0 robe
rPois   .          Reflect  .    (helmet restricted)
rElec   .          Harm     .    (no cloak)
rCorr   .          Rampage  .    (no gloves)
Will    .....                    (boots unavailable)
Stlth   ++                       (no amulet)
HPRegen 0.27/turn                (no ring)
MPRegen 0.13/turn                (no ring)

@: flying quickly and evasively, quick
A: beak, talons 3, nimble flight
a: no special abilities


You were on level 5 of the Dungeon.
You visited 1 branch of the dungeon, and saw 5 of its levels.

You collected 141 gold pieces.

Inventory:

Hand Weapons
 c - a +1 dagger of venom (weapon)
Missiles
 g - 3 atropa-tipped darts
Armour
 a - a +0 robe (worn)
 p - a +1 pair of boots
Jewellery
 j - a +4 ring of protection
Wands
 s - a wand of light (4)
Scrolls
 d - 4 scrolls of identify {unknown}
 e - 3 scrolls of poison {unknown}
 h - a scroll of blinking {unknown}
 i - a scroll of teleportation {unknown}
 k - 2 scrolls of noise {unknown}
 l - a scroll of immolation {unknown}
 m - 2 scrolls of fog {unknown}
 n - a scroll of brand weapon {unknown}
 q - 2 scrolls of enchant armour {unknown}
 u - a scroll of enchant weapon {unknown}
Potions
 b - a potion of magic
 f - 3 potions of lignification
 o - a potion of flight {unknown}
 r - a potion of mutation {unknown}
 t - a potion of curing {unknown}
 v - a potion of might {unknown}


   Skills:
 - Level 2.1 Dodging
 - Level 2.0 Stealth
 - Level 2.0 Spellcasting
 - Level 10.5 Conjurations
 * Level 11.2 Air Magic


You had 6 spell levels left.
You knew the following spells:

 Your Spells              Type           Power      Damage    Failure   Level
a - Magic Dart            Conj           100%       1d8       1%          1
b - Searing Ray           Conj           96%        2d7       1%          2
c - Swiftness             Air            51%        N/A       1%          3

Your spell library contained the following spells:

 Spells                   Type           Power      Damage    Failure   Level
 Shock                    Conj/Air       100%       1d9       1%          1
 Airstrike                Air            25%        2d(4-20)  1%          4
 Dazzling Flash           Conj/Hex       50%        N/A       4%          3
 Fulminant Prism          Conj/Hex       12%        3d9       16%         4
 Iskenderun's Mystic Bla  Conj/Tloc      25%        2d7       16%         4
 Inner Flame              Hex/Fire       2%         N/A       38%         3
 Cause Fear               Hex            1%         N/A       80%         4
 Discord                  Hex            1%         N/A       100%        8


Dungeon Overview and Level Annotations

Branches:
Dungeon (5/15)             Temple (0/1) D:5

Altars:
Ashenzari
Gozag
Hepliaklqana
Kikubaaqudgha
Zin
The Shining One

Annotations:
D:4 2 runed translucent doors, DeathSun's ghost, amateur MiFi


Innate Abilities, Weirdness & Mutations

You have a beak for a mouth.
You have claws for feet.
Your magical nature lets you fly swiftly and evasively.


Message History

The black bear is severely wounded.
An orc priest comes into view. It is wielding a +0 dagger.
The black bear goes berserk!
An orc comes into view. It is wielding a +0 mace.
The searing ray hits the black bear.
The black bear is almost dead.
You finish channelling your searing ray.
The orc shouts!
The black bear bites you!
The black bear claws you but does no damage.
The black bear closely misses you. The black bear misses you.
The black bear claws you.
* * * LOW HITPOINT WARNING * * *
The black bear claws you.
* * * LOW HITPOINT WARNING * * *
The orc priest shouts!
The black bear bites you!
* * * LOW HITPOINT WARNING * * *
The black bear misses you. The black bear claws you.
* * * LOW HITPOINT WARNING * * *
The black bear bites you!
* * * LOW HITPOINT WARNING * * *
The black bear barely misses you. The black bear closely misses you.
An orc wizard comes into view. It is wielding a +0 dagger.
The black bear barely misses you. The black bear closely misses you.
The black bear misses you.
The black bear closely misses you. x2; The black bear barely misses you.
There are monsters nearby!
There are monsters nearby!
Casting: Searing Ray (safe; 1% risk of failure)
Confirm with . or Enter, or press ? or * to list all spells.
Aiming: Magic Dart (safe; 1% risk of failure)
Press: ? - help, Shift-Dir - straight line, f/p - black bear
Aim: a black bear (almost dead, berserk, 100% to hit)
The magic dart hits the black bear!
You kill the black bear!
The orc wizard shouts!
The orc priest mumbles some strange prayers to Beogh against you.
Beogh smites you!
You die...

..........#
#.........#
#....o...#
#........# #....<..#
#.o....# ######
#.o...# ###....#
#....# ###......#
##@### ##........#
##.### #..........
#....####..........
#..###..###.........
#..##
###...##.......
#..## ###...##.....
.. ####.)..... #
###...#. ###.##


You could see an orc priest, an orc wizard and an orc.

Vanquished Creatures
  Pikel (D:4)
  Menkaure (D:4)
  A water moccasin (D:3)
  A black bear (D:5)
  2 ogres (D:4)
  A lemure (D:4)
  A phantom (D:5)
  Blork the orc (D:4)
  5 scorpions
  2 orc priests (D:4)
  2 hounds (D:5)
  3 iguanas (D:4)
  4 gnolls (D:5)
  3 adders
  An ufetubus (D:5)
  A worm (D:2)
  3 dart slugs
  10 orcs (D:4)
  A bat (D:3)
  5 endoplasms
  2 giant cockroaches
  11 goblins
  5 hobgoblins
  4 jackals (D:3)
  3 quokkas
  6 ball pythons
  6 frilled lizards
  5 kobolds
  6 rats
97 creatures vanquished.

Notes
Turn   | Place    | Note
-------+----------+-------------------------------------------
     0 | D:1      | Drevant2 the Tengu Conjurer began the quest for the Orb.
     0 | D:1      | Reached XP level 1. HP: 10/10 MP: 4/4
   198 | D:1      | Reached XP level 2. HP: 12/15 MP: 6/6
   419 | D:1      | Reached XP level 3. HP: 16/19 MP: 4/7
  1091 | D:2      | Learned a level 2 spell: Searing Ray
  2039 | D:2      | Learned a level 3 spell: Swiftness
  2169 | D:3      | Noticed a water moccasin
  2169 | D:3      | Found a faded altar of an unknown god.
  2483 | D:3      | Reached XP level 4. HP: 19/24 MP: 8/8
  2758 | D:3      | Found a broken altar of Ashenzari.
  2834 | D:3      | Found a hazy altar of Hepliaklqana.
  3253 | D:3      | Killed a water moccasin
  3254 | D:3      | Gained mutation: Your magical nature lets you fly swiftly
                  | and evasively. [Tengu growth]
  3254 | D:3      | Reached XP level 5. HP: 28/28 MP: 2/9
  3612 | D:4      | Found an ancient bone altar of Kikubaaqudgha.
  3664 | D:4      | Reached XP level 6. HP: 25/32 MP: 0/10
  3854 | D:4      | Noticed Blork the orc
  3932 | D:4      | Killed Blork the orc
  3933 | D:4      | Reached skill level 10 in Conjurations
  4083 | D:4      | Reached skill level 2 in Air Magic
  4083 | D:4      | Reached XP level 7. HP: 36/36 MP: 2/11
  4171 | D:4      | Found a large runed translucent door.
  4171 | D:4      | Found a large runed translucent door.
  4187 | D:4      | Noticed Menkaure
  4192 | D:4      | Killed Menkaure
  4193 | D:4      | Reached skill level 4 in Air Magic
  4246 | D:4      | Found a glowing golden altar of the Shining One.
  4327 | D:4      | Found a glowing silver altar of Zin.
  4344 | D:4      | Found an opulent altar of Gozag.
  4483 | D:4      | Noticed DeathSun's ghost (amateur MiFi)
  4724 | D:4      | Reached skill level 5 in Air Magic
  5106 | D:4      | Noticed Pikel
  5155 | D:4      | Killed Pikel
  5156 | D:4      | Reached skill level 9 in Air Magic
  5156 | D:4      | Reached XP level 8. HP: 41/41 MP: 3/12
  5895 | D:4      | Reached skill level 10 in Air Magic
  6147 | D:5      | Entered Level 5 of the Dungeon
  6505 | D:5      | Found a staircase to the Ecumenical Temple.
  6555 | D:5      | Reached skill level 11 in Air Magic
  6558 | D:5      | Reached XP level 9. HP: 45/45 MP: 4/13
  6655 | D:5      | HP: 2/45 [black bear (12)]
  6657 | D:5      | Killed from afar by an orc priest

Illustrated notes

Levels and vault maps discovered:
D:1:      scummos_arrival_checkerplants, layout_loops_ring
D:2:      layout_loops_corners, minmay_octomino_c4
D:3:      layout_loops_ring, nicolae_ashenzari_skybound,
          nzn_hepliaklqana_mist_gate, nicolae_ecumenical_oubliette
D:4:      layout_loops_corners, grunt_temple_overflow_gold_and_silver,
          nicolae_kikubaaqudgha_miasma_corner, mainiacjoe_overflow_tiny_flanked,
          ebering_ghost_disaster_area, uniq_menkaure, uniq_blork_the_orc,
          uniq_pikel
D:5:      layout_cave_pods, temple_green

Skill      XL: |  1  2  3  4  5  6  7  8 |
---------------+-------------------------+-----
Conjurations   | 6 7 8 9 10 | 10.5
Air Magic      | 2 9 11 | 11.2
Dodging        | |  2.1
Stealth        | |  2.0
Spellcasting   | |  2.0

Action                     |  1- 3 |  4- 6 |  7- 9 || total
---------------------------+-------+-------+-------++-------
  Melee: Dagger            |    30 |    15 |     1 ||    46
         Kick              |     9 |     4 |       ||    13
         Peck              |     6 |     1 |     1 ||     8
   Cast: Magic Dart        |    39 |    52 |    52 ||   143
         Searing Ray       |       |     5 |    15 ||    20
    Use: Potion            |     3 |       |       ||     3
   Stab: Sleeping          |     1 |       |       ||     1
 Armour: Robe              |     1 |     2 |     2 ||     5
  Dodge: Dodged            |    19 |    10 |    28 ||    57

Table legend: (Time is in decaauts)
 A = Elapsed time spent in this place.
 B = Non-inter-level travel time spent in this place.
 C = Inter-level travel time spent in this place.
 D = Time resting spent in this place.
 E = Time spent auto-exploring this place.
 F = Levels seen in this place.
 G = Mean time per level.
                   A        B        C        D        E       F      G
               +--------+--------+--------+--------+--------+-----+--------+
         Total |   6517 |   6145 |    372 |   2347 |   3227 |   5 | 1303.4 |
       Dungeon |   6517 |   6145 |    372 |   2347 |   3227 |   5 | 1303.4 |
               +--------+--------+--------+--------+--------+-----+--------+

Top non-repeatable levels by time:
     D:4: 2421 daAuts
     D:2: 1677 daAuts
     D:3: 1119 daAuts
     D:1: 800 daAuts
     D:5: 498 daAuts
